3178 views
Uploaded 2020-07-30 23:56:07
Game version 1.32.6 / 1.32.7
9:34 long 2on2 custom game on (4)Avalanche_LV
Game name "W3Champions-s2-20-61269"
Saved by dogsandhorse
3178 views
Uploaded 2020-07-30 23:56:07
Game version 1.32.6 / 1.32.7
9:34 long 2on2 custom game on (4)Avalanche_LV
Game name "W3Champions-s2-20-61269"


/ 0.1k
20 buildings @ 2.3k
/ 0.9k


| Peasant | 14 | 1050 | / | 0 |
| Footman | 9 | 1215 | / | 0 |
| Rifleman | 2 | 410 | / | 60 |
| Sorceress | 3 | 465 | / | 60 |
| total: | 28 | 3140g | / | 120w |
| Altar of Kings | 1 | 180 | / | 50 |
| Barracks | 2 | 320 | / | 120 |
| Farm | 7 | 560 | / | 140 |
| Blacksmith | 1 | 140 | / | 60 |
| Arcane Sanctum | 2 | 300 | / | 280 |
| Keep | 1 | 320 | / | 210 |
| total: | 13 | 1500g | / | 650w |
| 0:02 | Peasant |
| 0:02 | Peasant |
| 0:07 | Altar of Kings |
| 0:10 | Barracks |
| 0:12 | Peasant |
| 0:23 | Peasant |
| 0:33 | Farm |
| 0:50 | Farm |
| 0:53 | Peasant |
| 1:18 | Footman |
| 1:23 | Peasant |
| 1:31 | Footman |
| 1:56 | Farm |
| 2:00 | Footman |
| 2:02 | Peasant |
| 2:11 | Storm Bolt |
| 2:12 | Peasant |
| 2:23 | Defend |
| 2:23 | Peasant |
| 2:44 | Footman |
| 3:16 | Footman |
| 3:16 | Keep |
| 3:35 | Footman |
| 3:37 | Farm |
| 3:38 | Farm |
| 4:21 | Blacksmith |
| 4:37 | Footman |
| 4:39 | Barracks |
| 5:00 | Farm |
| 5:01 | Farm |
| 5:24 | Footman |
| 5:42 | Rifleman |
| 5:51 | Bash |
| 5:58 | Footman |
| 6:00 | Peasant |
| 6:00 | Peasant |
| 6:51 | Arcane Sanctum |
| 7:07 | Arcane Sanctum |
| 7:21 | Blizzard |
| 8:31 | Rifleman |
| 8:32 | Sorceress |
| 9:05 | Sorceress |
| 9:05 | Sorceress |
| 9:20 | Peasant |
| 9:20 | Peasant |
| 9:20 | Peasant |
| Right click | 570 |
| Chat | 519 |
| Assign group | 479 |
| Select group | 407 |
| Select | 195 |
| Build/train/purchase | 52 |
| Use ability | 12 |
| Misc. action | 10 |
| Resource trade | 9 |
| Esc | 7 |
| Minimap ping | 1 |

| Peasant | 7 | 525 | / | 0 |
| Footman | 15 | 2025 | / | 0 |
| total: | 22 | 2550g | / | 0w |
| Barracks | 2 | 320 | / | 120 |
| Altar of Kings | 1 | 180 | / | 50 |
| Farm | 4 | 320 | / | 80 |
| total: | 7 | 820g | / | 250w |
| 0:06 | Peasant |
| 0:07 | Peasant |
| 0:42 | Barracks |
| 0:44 | Barracks |
| 0:57 | Peasant |
| 0:57 | Peasant |
| 0:58 | Peasant |
| 1:41 | Altar of Kings |
| 1:45 | Footman |
| 1:47 | Farm |
| 1:53 | Farm |
| 2:22 | Farm |
| 2:26 | Farm |
| 2:27 | Footman |
| 2:28 | Footman |
| 2:33 | Peasant |
| 2:34 | Peasant |
| 2:51 | Footman |
| 3:25 | Footman |
| 3:46 | Brilliance Aura |
| 4:06 | Footman |
| 4:08 | Footman |
| 4:36 | Footman |
| 4:55 | Footman |
| 5:15 | Footman |
| 6:09 | Footman |
| 6:33 | Footman |
| 7:34 | Footman |
| 7:39 | Footman |
| 7:54 | Footman |
| Chat | 234 |
| Right click | 89 |
| Select | 59 |
| Build/train/purchase | 29 |
| Use ability | 8 |
| Select group | 7 |
| Assign group | 3 |
| Misc. action | 1 |
34 units @ 4.8k
/ 0.4k
18 buildings @ 2.9k
/ 0.9k


| Rod of Necromancy | 1 | 150 |
| total: | 1 | 150g |
| Acolyte | 5 | 375 | / | 0 |
| Ghoul | 8 | 960 | / | 0 |
| Crypt Fiend | 5 | 1075 | / | 200 |
| Obsidian Statue | 2 | 400 | / | 70 |
| total: | 20 | 2810g | / | 270w |
| Altar of Darkness | 1 | 180 | / | 50 |
| Ziggurat | 4 | 600 | / | 200 |
| Crypt | 1 | 200 | / | 50 |
| Tomb of Relics | 1 | 130 | / | 30 |
| Graveyard | 1 | 215 | / | 0 |
| Slaughterhouse | 1 | 140 | / | 135 |
| Halls of the Dead | 1 | 320 | / | 210 |
| Black Citadel | 1 | 325 | / | 230 |
| total: | 9 | 1465g | / | 465w |
| 0:04 | Acolyte |
| 0:04 | Acolyte |
| 0:04 | Acolyte |
| 0:04 | Acolyte |
| 0:07 | Altar of Darkness |
| 0:08 | Ziggurat |
| 0:36 | Crypt |
| 0:41 | Acolyte |
| 0:58 | Tomb of Relics |
| 1:26 | Ziggurat |
| 1:40 | Ghoul |
| 1:51 | Ghoul |
| 2:08 | Rod of Necromancy |
| 2:09 | Carrion Beetles |
| 2:11 | Graveyard |
| 2:23 | Ghoul |
| 2:37 | Ghoul |
| 2:48 | Ghoul |
| 3:18 | Halls of the Dead |
| 3:46 | Ghoul |
| 4:12 | Ghoul |
| 4:26 | Ghoul |
| 5:07 | Crypt Fiend |
| 5:09 | Ziggurat |
| 5:56 | Black Citadel |
| 5:57 | Ziggurat |
| 5:59 | Slaughterhouse |
| 6:26 | Crypt Fiend |
| 6:49 | Crypt Fiend |
| 7:11 | Impale |
| 7:16 | Obsidian Statue |
| 7:29 | Death Coil |
| 7:30 | Crypt Fiend |
| 7:47 | Unholy Strength |
| 8:12 | Obsidian Statue |
| 8:13 | Crypt Fiend |
| 8:56 | Unholy Armor |
| 9:26 | Carrion Beetles |
| 9:30 | Unholy Aura |
| Right click | 404 |
| Select group | 391 |
| Select | 118 |
| Build/train/purchase | 48 |
| Misc. action | 36 |
| Assign group | 25 |
| Esc | 4 |
| Use ability | 2 |
| Minimap ping | 1 |


| Healing Salve | 2 | 200 |
| Lesser Clarity Potion | 2 | 140 |
| Scroll of Speed | 1 | 50 |
| total: | 5 | 390g |
| Peon | 7 | 525 | / | 0 |
| Grunt | 5 | 1000 | / | 0 |
| Demolisher | 1 | 220 | / | 50 |
| Spirit Walker | 1 | 195 | / | 35 |
| total: | 14 | 1940g | / | 85w |
| Altar of Storms | 1 | 180 | / | 50 |
| Orc Burrow | 4 | 640 | / | 160 |
| Barracks | 1 | 180 | / | 50 |
| Voodoo Lounge | 1 | 130 | / | 30 |
| War Mill | 1 | 205 | / | 0 |
| Tauren Totem | 1 | 135 | / | 155 |
| Stronghold | 1 | 315 | / | 190 |
| Fortress | 1 | 325 | / | 190 |
| total: | 9 | 1470g | / | 445w |
| 0:02 | Peon |
| 0:03 | Peon |
| 0:10 | Altar of Storms |
| 0:15 | Orc Burrow |
| 0:18 | Peon |
| 0:35 | Barracks |
| 0:44 | Peon |
| 1:00 | Peon |
| 1:15 | Peon |
| 1:36 | Grunt |
| 1:39 | Orc Burrow |
| 1:54 | Peon |
| 2:01 | Voodoo Lounge |
| 2:09 | Feral Spirit |
| 2:47 | Grunt |
| 3:00 | Stronghold |
| 3:22 | Grunt |
| 3:26 | Orc Burrow |
| 3:56 | Chain Lighting |
| 4:08 | Grunt |
| 4:11 | War Mill |
| 5:03 | Grunt |
| 5:28 | Healing Salve |
| 5:29 | Healing Salve |
| 5:29 | Lesser Clarity Potion |
| 5:29 | Scroll of Speed |
| 5:49 | Lesser Clarity Potion |
| 6:05 | Chain Lighting |
| 6:27 | Tauren Totem |
| 6:49 | Berserker Strength |
| 6:51 | Pillage |
| 6:55 | Endurance Aura |
| 7:11 | Demolisher |
| 7:17 | Feral Spirit |
| 8:28 | Fortress |
| 8:29 | Spirit Walker Adept Training |
| 8:33 | Orc Burrow |
| 8:34 | Reinforced Defenses |
| 9:21 | War Stomp |
| 9:33 | Spirit Walker |
| Right click | 432 |
| Select group | 182 |
| Select | 107 |
| Build/train/purchase | 48 |
| Misc. action | 28 |
| Assign group | 18 |
| Use ability | 11 |
| Minimap ping | 1 |
โ